Bears vs Rocket
Created - November 11, 2023 at 19:48
Goals
|
| Bears |
0 |
1 |
1 |
2 |
| Rocket |
2 |
2 |
1 |
5 |
|
Shots
|
| Bears |
13 |
11 |
8 |
32 |
| Rocket |
8 |
17 |
8 |
33 |
|
1st period
1. Rocket , Brandon Pirri 3 (Adam Gaudette 7, Dominic Turgeon 11) at 6:27
2. Rocket , Adam Gaudette 12 (Dominic Turgeon 12) at 7:52
Penalties :
Karson Kuhlman (Lav) for Roughing (Minor) at 8:13, Brandon Pirri (Lav) for Tripping (Minor) at 15:11
2nd period
3. Rocket , Brandon Pirri 4 (Andrey Pedan 5, Adam Gaudette 8) at 7:27
4. Bears , Nicolas Aube-Kubel 7 (Mikko Vainonen 5, Jake Allen) at 12:03
5. Rocket , Scott Wilson 3 (Viktor Loov 6, Sergey Tolchinsky 6) at 18:43
Penalties :
Brandon Pirri (Lav) for Roughing (Minor) at 7:38, Brandon Pirri (Lav) for Cross-checking (Minor) at 13:31, Scott Wilson (Lav) for Hooking (Minor) at 19:19
3rd period
6. Rocket , Sergey Tolchinsky 10 (Peter Holland 7, Viktor Loov 7) at 9:13 (PP)
7. Bears , Nicolas Aube-Kubel 8 (Kerby Rychel 13, Sam Carrick 11) at 11:06
Penalties :
Joshua Leivo (Her) for Holding (Minor) at 8:39, Luke Kunin (Lav) for Boarding (Minor) at 14:09, Adam Lowry (Her) for Hooking (Minor) at 17:13
Goalie Stats
Jake Allen (Her), 28 saves from 33 shots - (0.848), L, 8-4-0, 60:00 minutes
Jamie Phillips (Lav), 30 saves from 32 shots - (0.938), W, 2-3-1, 60:00 minutes
Players Stats for Bears
Player Name G A P +/- PIM S H SB GA TA FO MP PP MP PK MP
------------------------------------------------------------------------------------
A.J. Jenks 0 0 0 1 0 3 1 0 0 0 0/0 18:05 5:32 0:44
Adam Lowry 0 0 0 0 2 2 1 0 0 1 0/0 10:12 0:21 0:00
Austin Wuthrich 0 0 0 0 0 2 3 0 0 0 0/0 9:59 0:05 0:00
Christian Dvorak 0 0 0 1 0 1 4 0 0 0 9/21 13:07 0:00 0:44
Cole Smith 0 0 0 0 0 1 0 0 0 0 0/0 9:39 0:00 0:00
Emil Johansson 0 0 0 1 0 3 1 1 0 0 0/0 14:03 0:00 0:41
Gianluca Curcuruto 0 0 0 -2 0 2 0 3 2 0 0/0 20:59 4:33 1:05
Jacob Bryson 0 0 0 1 0 0 1 0 0 2 0/0 18:21 7:21 0:00
Joshua Leivo 0 0 0 1 2 2 0 0 1 0 0/0 17:40 5:32 0:20
Kerby Rychel 0 1 1 -3 0 4 1 0 0 0 0/0 22:09 6:07 1:29
Logan O'Connor 0 0 0 0 0 2 0 1 0 0 0/0 9:15 0:00 0:00
Michael Prapavessis 0 0 0 -2 0 0 0 2 0 0 0/0 19:26 4:33 1:19
Mikko Vainonen 0 1 1 -1 0 0 0 1 1 0 0/0 20:14 0:00 0:42
Nicolas Aube-Kubel 2 0 2 -3 0 7 1 1 0 0 2/2 20:51 6:17 0:20
Nikolay Prokhorkin 0 0 0 0 0 0 0 0 1 0 0/0 9:47 0:15 0:00
Sam Carrick 0 1 1 -3 0 2 0 0 0 1 16/34 22:09 6:07 1:29
Tommy Vannelli 0 0 0 -1 0 0 0 2 0 0 0/0 26:57 7:21 1:19
Vincent Dunn 0 0 0 0 0 1 2 0 0 0 2/5 14:32 5:26 0:00
Players Stats for Rocket
Player Name G A P +/- PIM S H SB GA TA FO MP PP MP PK MP
------------------------------------------------------------------------------------
Adam Gaudette 1 2 3 3 0 6 1 1 1 0 0/0 22:43 1:09 6:29
Andrei Mironov 0 0 0 1 0 0 0 1 1 0 0/0 20:38 0:14 4:46
Andrey Pedan 0 1 1 1 0 1 1 2 0 0 0/0 20:38 0:14 4:46
Branden Troock 0 0 0 -2 0 3 1 1 0 0 0/0 7:51 0:12 0:00
Brandon Pirri 2 0 2 3 6 7 2 1 0 0 1/1 18:07 0:38 0:55
Dean Kukan 0 0 0 1 0 1 1 0 0 2 0/0 27:29 1:45 7:08
Dominic Turgeon 0 2 2 3 0 0 2 0 0 0 17/37 23:04 0:29 6:25
Dylan DeMelo 0 0 0 0 0 0 0 2 1 1 0/0 11:53 0:34 0:00
Jack Glover 0 0 0 0 0 0 1 1 0 0 0/0 11:53 0:34 0:00
Jakob Lilja 0 0 0 0 0 2 1 0 0 0 0/0 11:07 0:43 0:53
JC Lipon 0 0 0 0 0 1 2 1 0 0 0/1 9:09 0:00 0:00
Karson Kuhlman 0 0 0 0 2 0 1 0 0 0 2/3 10:48 0:51 0:20
Luke Kunin 0 0 0 -2 2 2 1 1 0 0 2/5 8:50 0:00 0:11
Peter Holland 0 1 1 1 0 0 4 1 0 0 11/15 18:25 1:13 4:58
Raphael Bussieres 0 0 0 -2 0 1 0 0 0 0 0/0 7:35 0:00 0:00
Scott Wilson 1 0 1 1 2 6 2 0 0 0 0/0 13:15 1:12 0:00
Sergey Tolchinsky 1 1 2 1 0 3 1 0 1 1 0/0 17:06 1:12 3:37
Viktor Loov 0 2 2 1 0 0 2 1 0 1 0/0 27:29 1:45 7:08
3 Stars
1 - Adam Gaudette (Lav)
2 - Dominic Turgeon (Lav)
3 - Sergey Tolchinsky (Lav)
Power Play
Bears - 0 on 6 Attempt(s) - 0.00%
Rocket - 1 on 2 Attempt(s) - 50.00%
Penalty Kill
Bears - 1 on 2 Attempt(s) - 50.00%
- Score 0 goal in Penalty Kill
Rocket - 6 on 6 Attempt(s) - 100.00%
- Score 0 goal in Penalty Kill
Team Stat
Bears - Hits : 15 - Faceoff Wins : 29 - Blocked Shots : 11 - Penalty Minutes : 4
Rocket - Hits : 23 - Faceoff Wins : 33 - Blocked Shots : 13 - Penalty Minutes : 12
Official
Referees : Brandon Blandina and Frederick L'Ecuyer
Linesman : James Tobias and Scott Cherrey
Game Notes
No Game Note
Finance
Level 1 -- Attendance: 2000 (100.00%) -- Ticket Income $140,000
Level 2 -- Attendance: 902 (90.20%) -- Ticket Income $36,080
Total Attendance: 2902 (96.73%)
Total Ticket Income: $176,080
Other Income: $8,804
Total Income: $184,884
Bears
5 vs 5 Forward
Center Left Wing Right Wing Time % Phy DF OF
1 Sam Carrick Kerby Rychel Nicolas Aube-Kubel 35 0 0 5
2 Christian Dvorak A.J. Jenks Joshua Leivo 30 0 0 5
3 Vincent Dunn Cole Smith Austin Wuthrich 20 0 1 4
4 Adam Lowry Nikolay Prokhorkin Logan O'Connor 15 0 2 3
5 vs 5 Defense
Defense Defense Time % Phy DF OF
1 Mikko Vainonen Tommy Vannelli 40 0 2 3
2 Michael Prapavessis Gianluca Curcuruto 30 0 3 2
3 Jacob Bryson Emil Johansson 20 0 3 2
4 Tommy Vannelli Gianluca Curcuruto 10 0 3 2
PowerPlay Forward
Center Left Wing Right Wing Time % Phy DF OF
1 Sam Carrick Kerby Rychel Nicolas Aube-Kubel 60 0 0 5
2 Vincent Dunn A.J. Jenks Joshua Leivo 40 0 0 5
PowerPlay Defense
Defense Defense Time % Phy DF OF
1 Jacob Bryson Tommy Vannelli 60 0 2 3
2 Michael Prapavessis Gianluca Curcuruto 40 0 2 3
Penalty Kill 4 Players Forward
Center Wing Time % Phy DF OF
1 Sam Carrick Kerby Rychel 60 0 4 1
2 Nicolas Aube-Kubel Joshua Leivo 40 0 4 1
Penalty Kill 4 Players Defense
Defense Defense Time % Phy DF OF
1 Michael Prapavessis Tommy Vannelli 60 0 4 1
2 Mikko Vainonen Gianluca Curcuruto 40 0 4 1
Penalty Kill - 3 Players Forward
Forward Time % Phy DF OF
1 Sam Carrick 60 0 5 0
2 Nicolas Aube-Kubel 40 0 5 0
Penalty Kill - 3 Players Defense
Defense Defense Time % Phy DF OF
1 Tommy Vannelli Michael Prapavessis 60 0 5 0
2 Gianluca Curcuruto Mikko Vainonen 40 0 5 0
4 vs 4 Forward
Center Wing Time % Phy DF OF
1 Sam Carrick Kerby Rychel 60 0 0 5
2 Vincent Dunn Nicolas Aube-Kubel 40 0 0 5
4 vs 4 Defense
Defense Defense Time % Phy DF OF
1 Michael Prapavessis Tommy Vannelli 60 0 2 3
2 Emil Johansson Gianluca Curcuruto 40 0 3 2
Last Minutes Offensive
Center Left Wing Right Wing Defense Defense
Sam Carrick Kerby Rychel Nicolas Aube-Kubel Jacob Bryson Tommy Vannelli
Last Minutes Defensive
Center Left Wing Right Wing Defense Defense
Sam Carrick Kerby Rychel Nicolas Aube-Kubel Michael Prapavessis Tommy Vannelli
Goaltenders
Starting : Jake Allen
Backup : Artyom Zagidulin
Extra Forwards
Normal : Kerby Rychel, Nicolas Aube-Kubel, Sam Carrick - PP : Kerby Rychel, Nicolas Aube-Kubel - PK : Sam Carrick
Extra Defensemen
Normal : Tommy Vannelli, Mikko Vainonen, Gianluca Curcuruto - PP : Tommy Vannelli - PK : Tommy Vannelli, Michael Prapavessis
Penalty Shots
Joshua Leivo, Nicolas Aube-Kubel, Kerby Rychel, A.J. Jenks, Christian Dvorak
Custom OT Lines Forwards
Kerby Rychel, Nicolas Aube-Kubel, Sam Carrick, Christian Dvorak, A.J. Jenks, Joshua Leivo, Nikolay Prokhorkin, Cole Smith, Logan O'Connor, Austin Wuthrich
Custom OT Lines Defensemen
Tommy Vannelli, Mikko Vainonen, Michael Prapavessis, Gianluca Curcuruto, Emil Johansson
Scratches
Blake Speers (Healthy), Colby Cave (Healthy), Jesper Pettersson (Healthy), David Farrance (Healthy), Mackenze Stewart (Healthy)
Zack Hayes (Healthy), Mario Ferraro (Healthy), Will Reilly (Healthy), Kristians Rubins (Healthy), Ryan Graves (Healthy)
Isaac Ratcliffe (Healthy), Nicholas Caamano (Healthy), Jakob Stenqvist (Healthy), Arvid Henrikson (Healthy), Kirill Maksimov (Healthy)
Rocket
5 vs 5 Forward
Center Left Wing Right Wing Time % Phy DF OF
1 Dominic Turgeon Brandon Pirri Adam Gaudette 40 0 2 3
2 Peter Holland Sergey Tolchinsky Scott Wilson 30 0 2 3
3 Karson Kuhlman Jakob Lilja JC Lipon 20 0 3 2
4 Luke Kunin Raphael Bussieres Branden Troock 10 0 3 2
5 vs 5 Defense
Defense Defense Time % Phy DF OF
1 Dean Kukan Viktor Loov 40 0 2 3
2 Andrey Pedan Andrei Mironov 30 0 2 3
3 Dylan DeMelo Jack Glover 20 0 3 2
4 Dean Kukan Viktor Loov 10 0 1 4
PowerPlay Forward
Center Left Wing Right Wing Time % Phy DF OF
1 Dominic Turgeon Brandon Pirri Adam Gaudette 60 0 2 3
2 Peter Holland Sergey Tolchinsky Scott Wilson 40 0 2 3
PowerPlay Defense
Defense Defense Time % Phy DF OF
1 Dean Kukan Viktor Loov 60 0 2 3
2 Andrey Pedan Andrei Mironov 40 0 2 3
Penalty Kill 4 Players Forward
Center Wing Time % Phy DF OF
1 Dominic Turgeon Adam Gaudette 60 0 4 1
2 Peter Holland Sergey Tolchinsky 40 0 4 1
Penalty Kill 4 Players Defense
Defense Defense Time % Phy DF OF
1 Dean Kukan Viktor Loov 60 0 4 1
2 Andrey Pedan Andrei Mironov 40 0 4 1
Penalty Kill - 3 Players Forward
Forward Time % Phy DF OF
1 Dominic Turgeon 60 0 5 0
2 Peter Holland 40 0 5 0
Penalty Kill - 3 Players Defense
Defense Defense Time % Phy DF OF
1 Dean Kukan Viktor Loov 60 0 5 0
2 Andrey Pedan Andrei Mironov 40 0 5 0
4 vs 4 Forward
Center Wing Time % Phy DF OF
1 Dominic Turgeon Jakob Lilja 60 1 2 2
2 Peter Holland Raphael Bussieres 40 1 2 2
4 vs 4 Defense
Defense Defense Time % Phy DF OF
1 Dean Kukan Viktor Loov 60 1 2 2
2 Andrey Pedan Andrei Mironov 40 1 2 2
Last Minutes Offensive
Center Left Wing Right Wing Defense Defense
Dominic Turgeon Brandon Pirri Adam Gaudette Dean Kukan Viktor Loov
Last Minutes Defensive
Center Left Wing Right Wing Defense Defense
Dominic Turgeon Raphael Bussieres Adam Gaudette Dean Kukan Viktor Loov
Goaltenders
Starting : Jamie Phillips
Backup : Eamon McAdam
Extra Forwards
Normal : Peter Holland, Sergey Tolchinsky, Karson Kuhlman - PP : Peter Holland, Sergey Tolchinsky - PK : Peter Holland
Extra Defensemen
Normal : Andrei Mironov, Dylan DeMelo, Jack Glover - PP : Andrei Mironov - PK : Andrei Mironov, Dylan DeMelo
Penalty Shots
Adam Gaudette, Brandon Pirri, Scott Wilson, Dominic Turgeon, Peter Holland
Custom OT Lines Forwards
Adam Gaudette, Brandon Pirri, Scott Wilson, Dominic Turgeon, Peter Holland, Sergey Tolchinsky, Karson Kuhlman, Jakob Lilja, JC Lipon, Luke Kunin
Custom OT Lines Defensemen
Dean Kukan, Viktor Loov, Andrey Pedan, Andrei Mironov, Dylan DeMelo
Scratches
Damien Giroux (Healthy), Reese Johnson (Healthy), Jake Pivonka (Healthy), Francis Perron (Healthy), Rasmus Sandin (Healthy)
Ryan Collins (Healthy), Taylor Leier (Healthy), MacKenzie Entwistle (Healthy), Zack MacEwen (Healthy), Mikhail Maltsev (Healthy)
Niklas Nordgren (Healthy), Alexis Gravel (Healthy), Connor Ingram (Healthy)
% Time on Ice - Bears
Lines # - Real PCT - Wanted PCT - Time Play
Normal Forward
1 - 33% - 35% - 14:50
2 - 26% - 30% - 11:49
3 - 21% - 20% - 9:39
4 - 20% - 15% - 9:15
Normal Defense
1 - 43% - 40% - 19:29
2 - 31% - 30% - 13:55
3 - 22% - 20% - 10:09
4 - 4% - 10% - 2:00
PP Forward
1 - 54% - 60% - 6:22
2 - 46% - 40% - 5:32
PP Defense
1 - 62% - 60% - 7:21
2 - 38% - 40% - 4:33
PK Forward
1 - 87% - 60% - 2:13
2 - 13% - 40% - 0:20
PK Defense
1 - 52% - 60% - 1:19
2 - 48% - 40% - 1:14
PK3 Forward
1 - 0% - 60%
2 - 0% - 40%
PK3 Defense
1 - 0% - 60%
2 - 0% - 40%
44 Forward
1 - 0% - 60%
2 - 0% - 40%
44 Defense
1 - 0% - 60%
2 - 0% - 40%
Last Minute Offensive - 0:00
Last Minute Defensive - 0:00
Total
Forward - 60:00
Defense - 60:00
|
% Time on Ice - Rocket
Lines # - Real PCT - Wanted PCT - Time Play
Normal Forward
1 - 36% - 40% - 16:32
2 - 27% - 30% - 12:17
3 - 20% - 20% - 9:09
4 - 17% - 10% - 7:35
Normal Defense
1 - 37% - 40% - 17:02
2 - 34% - 30% - 15:38
3 - 25% - 20% - 11:19
4 - 3% - 10% - 1:34
PP Forward
1 - 53% - 60% - 1:21
2 - 47% - 40% - 1:12
PP Defense
1 - 91% - 60% - 2:19
2 - 9% - 40% - 0:14
PK Forward
1 - 70% - 60% - 8:17
2 - 30% - 40% - 3:37
PK Defense
1 - 60% - 60% - 7:08
2 - 40% - 40% - 4:46
PK3 Forward
1 - 0% - 60%
2 - 0% - 40%
PK3 Defense
1 - 0% - 60%
2 - 0% - 40%
44 Forward
1 - 0% - 60%
2 - 0% - 40%
44 Defense
1 - 0% - 60%
2 - 0% - 40%
Last Minute Offensive - 0:00
Last Minute Defensive - 0:00
Total
Forward - 60:00
Defense - 60:00
|
Play-by-Play
1st period
0:01 of 1st period - Dominic Turgeon wins face-off versus Sam Carrick in neutral zone.
0:12 of 1st period - Snap shot by Adam Gaudette.
0:12 of 1st period - Shot Misses the Net.
0:52 of 1st period - Cole Smith is hit by Andrey Pedan and loses puck.
1:36 of 1st period - Jacob Bryson is hit by Brandon Pirri and loses puck.
2:14 of 1st period - Karson Kuhlman is hit by Vincent Dunn and loses puck.
2:21 of 1st period - Snap shot by Cole Smith.
2:21 of 1st period - Shot Misses the Net.
2:23 of 1st period - Snap shot by Jacob Bryson.
2:23 of 1st period - Deflect By Cole Smith.
2:23 of 1st period - Stopped by Jamie Phillips with a rebound.
2:35 of 1st period - Wrist shot by Brandon Pirri.
2:35 of 1st period - Shot Misses the Net.
3:03 of 1st period - Sam Carrick is hit by Sergey Tolchinsky and loses puck.
3:44 of 1st period - Snap shot by Austin Wuthrich.
3:44 of 1st period - Stopped by Jamie Phillips with a rebound.
4:02 of 1st period - Gianluca Curcuruto is hit by Viktor Loov and loses puck.
4:07 of 1st period - Snap shot by Adam Gaudette.
4:07 of 1st period - Stopped by Jake Allen without a rebound.
4:08 of 1st period - Christian Dvorak wins face-off versus Peter Holland in Bears zone.
4:08 of 1st period - Christian Dvorak is hit by Scott Wilson.
4:15 of 1st period - Off-side.
4:16 of 1st period - Peter Holland wins face-off versus Christian Dvorak in neutral zone.
4:27 of 1st period - Snap shot by Scott Wilson.
4:27 of 1st period - Stopped by Jake Allen with a rebound.
5:25 of 1st period - Wrist shot by Adam Lowry.
5:25 of 1st period - Shot Misses the Net.
5:35 of 1st period - Slapshot by Adam Lowry.
5:35 of 1st period - Stopped by Jamie Phillips with a rebound.
6:09 of 1st period - Icing by Brandon Pirri.
6:10 of 1st period - Sam Carrick wins face-off versus Dominic Turgeon in Rocket zone.
6:17 of 1st period - Slapshot by Nicolas Aube-Kubel.
6:17 of 1st period - Shot Misses the Net.
6:27 of 1st period - Slapshot by Brandon Pirri.
6:27 of 1st period - Goal by Brandon Pirri - Bears : 0 - Rocket : 1.
6:28 of 1st period - Nicolas Aube-Kubel wins face-off versus Dominic Turgeon in neutral zone.
6:37 of 1st period - Snap shot by Adam Gaudette.
6:37 of 1st period - Shot Blocked by Tommy Vannelli.
6:45 of 1st period - Tommy Vannelli is hit by Adam Gaudette and loses puck.
6:58 of 1st period - Slapshot by Christian Dvorak.
6:58 of 1st period - Stopped by Jamie Phillips without a rebound.
6:59 of 1st period - Christian Dvorak wins face-off versus Peter Holland in Rocket zone.
7:00 of 1st period - Wrist shot by A.J. Jenks.
7:00 of 1st period - Shot Blocked by Andrey Pedan.
7:02 of 1st period - Wrist shot by Christian Dvorak.
7:02 of 1st period - Shot Blocked by Peter Holland.
7:14 of 1st period - Snap shot by Christian Dvorak.
7:14 of 1st period - Shot Misses the Net.
7:48 of 1st period - Snap shot by Brandon Pirri.
7:48 of 1st period - Deflect By Sam Carrick.
7:48 of 1st period - Stopped by Jake Allen without a rebound.
7:49 of 1st period - Dominic Turgeon wins face-off versus Sam Carrick in Bears zone.
7:50 of 1st period - Slapshot by Adam Gaudette.
7:50 of 1st period - Deflect By Brandon Pirri.
7:50 of 1st period - Shot Misses the Net.
7:50 of 1st period - Puck is out of play.
7:51 of 1st period - Dominic Turgeon wins face-off versus Sam Carrick in Bears zone.
7:52 of 1st period - Snap shot by Adam Gaudette.
7:52 of 1st period - Goal by Adam Gaudette - Bears : 0 - Rocket : 2.
7:53 of 1st period - Sam Carrick wins face-off versus Dominic Turgeon in neutral zone.
8:06 of 1st period - Wrist shot by Kerby Rychel.
8:06 of 1st period - Stopped by Jamie Phillips without a rebound.
8:07 of 1st period - Christian Dvorak wins face-off versus Karson Kuhlman in Rocket zone.
8:13 of 1st period - Minor Penalty to Karson Kuhlman for Roughing.
8:14 of 1st period - Sam Carrick wins face-off versus Dominic Turgeon in Rocket zone.
8:24 of 1st period - Snap shot by Nicolas Aube-Kubel.
8:24 of 1st period - Shot Hit the Post.
8:26 of 1st period - Wrist shot by Kerby Rychel.
8:26 of 1st period - Shot Misses the Net.
9:59 of 1st period - Sam Carrick is hit by Dean Kukan and loses puck.
10:13 of 1st period - Penalty to Karson Kuhlman is over, Karson Kuhlman is back on ice.
10:30 of 1st period - Wrist shot by Logan O'Connor.
10:30 of 1st period - Stopped by Jamie Phillips with a rebound.
10:32 of 1st period - Backhand shot by Jacob Bryson.
10:32 of 1st period - Shot Blocked by Dylan DeMelo.
10:47 of 1st period - Jack Glover is hit by Adam Lowry and loses puck.
11:00 of 1st period - Snap shot by Scott Wilson.
11:00 of 1st period - Shot Misses the Net.
11:12 of 1st period - Logan O'Connor is hit by Luke Kunin and loses puck.
12:26 of 1st period - Adam Lowry is hit by Branden Troock and loses puck.
13:01 of 1st period - Slapshot by Brandon Pirri.
13:01 of 1st period - Deflect By Adam Gaudette.
13:01 of 1st period - Stopped by Jake Allen with a rebound.
13:15 of 1st period - Andrey Pedan is hit by Jacob Bryson.
13:29 of 1st period - Icing by Christian Dvorak.
13:30 of 1st period - Peter Holland wins face-off versus Christian Dvorak in Bears zone.
13:45 of 1st period - Dean Kukan is hit by Christian Dvorak and loses puck.
13:56 of 1st period - Snap shot by A.J. Jenks.
13:56 of 1st period - Stopped by Jamie Phillips with a rebound.
14:02 of 1st period - Wrist shot by Christian Dvorak.
14:02 of 1st period - Deflect By Joshua Leivo.
14:02 of 1st period - Stopped by Jamie Phillips with a rebound.
14:04 of 1st period - Wrist shot by A.J. Jenks.
14:04 of 1st period - Stopped by Jamie Phillips without a rebound.
14:05 of 1st period - Sam Carrick wins face-off versus Dominic Turgeon in Rocket zone.
14:16 of 1st period - Wrist shot by Brandon Pirri.
14:16 of 1st period - Stopped by Jake Allen with a rebound.
14:18 of 1st period - Snap shot by Adam Gaudette.
14:18 of 1st period - Shot Misses the Net.
14:20 of 1st period - Slapshot by Dominic Turgeon.
14:20 of 1st period - Shot Misses the Net.
14:22 of 1st period - Slapshot by Andrey Pedan.
14:22 of 1st period - Shot Blocked by Emil Johansson.
14:42 of 1st period - Snap shot by Branden Troock.
14:42 of 1st period - Stopped by Jake Allen with a rebound.
14:44 of 1st period - Wrist shot by Jack Glover.
14:44 of 1st period - Shot Misses the Net.
14:58 of 1st period - Snap shot by Vincent Dunn.
14:58 of 1st period - Shot Misses the Net.
15:00 of 1st period - Slapshot by Emil Johansson.
15:00 of 1st period - Shot Blocked by Dylan DeMelo.
15:02 of 1st period - Snap shot by Emil Johansson.
15:02 of 1st period - Stopped by Jamie Phillips without a rebound.
15:03 of 1st period - Christian Dvorak wins face-off versus Dominic Turgeon in Rocket zone.
15:11 of 1st period - Minor Penalty to Brandon Pirri for Tripping.
15:12 of 1st period - Dominic Turgeon wins face-off versus Sam Carrick in Rocket zone.
15:24 of 1st period - Snap shot by Kerby Rychel.
15:24 of 1st period - Deflect By Nicolas Aube-Kubel.
15:24 of 1st period - Stopped by Jamie Phillips with a rebound.
17:11 of 1st period - Penalty to Brandon Pirri is over, Brandon Pirri is back on ice.
17:44 of 1st period - JC Lipon is hit by Austin Wuthrich.
18:52 of 1st period - Wrist shot by Nikolay Prokhorkin.
18:52 of 1st period - Shot Misses the Net.
19:15 of 1st period - Snap shot by Branden Troock.
19:15 of 1st period - Shot Blocked by Logan O'Connor.
19:51 of 1st period - Snap shot by Vincent Dunn.
19:51 of 1st period - Stopped by Jamie Phillips with a rebound.
19:53 of 1st period - Slapshot by Emil Johansson.
19:53 of 1st period - Shot Blocked by Andrey Pedan.
19:55 of 1st period - Snap shot by Emil Johansson.
19:55 of 1st period - Stopped by Jamie Phillips with a rebound.
19:57 of 1st period - Slapshot by Mikko Vainonen.
19:57 of 1st period - Shot Misses the Net.
19:59 of 1st period - Snap shot by Cole Smith.
19:59 of 1st period - Shot Blocked by Andrei Mironov.
Goals for this period are 0 for Bears vs 2 for Rocket.
Shots for this period are 13 for Bears vs 8 for Rocket.
2nd period
0:01 of 2nd period - Sam Carrick wins face-off versus Dominic Turgeon in neutral zone.
0:10 of 2nd period - Snap shot by Kerby Rychel.
0:10 of 2nd period - Stopped by Jamie Phillips without a rebound.
0:11 of 2nd period - Sam Carrick wins face-off versus Dominic Turgeon in Rocket zone.
0:38 of 2nd period - Vincent Dunn is hit by Scott Wilson and loses puck.
0:57 of 2nd period - Wrist shot by Andrei Mironov.
0:57 of 2nd period - Deflect By Luke Kunin.
0:57 of 2nd period - Stopped by Jake Allen without a rebound.
0:58 of 2nd period - Luke Kunin wins face-off versus Christian Dvorak in Bears zone.
1:52 of 2nd period - Dean Kukan is hit by Emil Johansson and loses puck.
2:08 of 2nd period - Off-side.
2:09 of 2nd period - Vincent Dunn wins face-off versus JC Lipon in neutral zone.
2:14 of 2nd period - Austin Wuthrich is hit by Jakob Lilja and loses puck.
2:19 of 2nd period - Wrist shot by Karson Kuhlman.
2:19 of 2nd period - Shot Blocked by Michael Prapavessis.
2:21 of 2nd period - Snap shot by Karson Kuhlman.
2:21 of 2nd period - Shot Blocked by Michael Prapavessis.
2:25 of 2nd period - Wrist shot by JC Lipon.
2:25 of 2nd period - Shot Blocked by Gianluca Curcuruto.
2:39 of 2nd period - Slapshot by Brandon Pirri.
2:39 of 2nd period - Stopped by Jake Allen with a rebound.
2:41 of 2nd period - Wrist shot by Brandon Pirri.
2:41 of 2nd period - Stopped by Jake Allen without a rebound.
2:42 of 2nd period - Dominic Turgeon wins face-off versus Sam Carrick in Bears zone.
3:27 of 2nd period - Snap shot by Jakob Lilja.
3:27 of 2nd period - Stopped by Jake Allen without a rebound.
3:28 of 2nd period - Karson Kuhlman wins face-off versus Vincent Dunn in Bears zone.
3:35 of 2nd period - Wrist shot by Jakob Lilja.
3:35 of 2nd period - Shot Blocked by Gianluca Curcuruto.
3:37 of 2nd period - Slapshot by Viktor Loov.
3:37 of 2nd period - Shot Misses the Net.
3:39 of 2nd period - Slapshot by Dean Kukan.
3:39 of 2nd period - Shot Misses the Net.
3:41 of 2nd period - Wrist shot by Jakob Lilja.
3:41 of 2nd period - Shot Blocked by Gianluca Curcuruto.
3:43 of 2nd period - Wrist shot by JC Lipon.
3:43 of 2nd period - Stopped by Jake Allen without a rebound.
3:44 of 2nd period - Sam Carrick wins face-off versus Dominic Turgeon in Bears zone.
3:59 of 2nd period - Kerby Rychel is hit by Dominic Turgeon and loses puck.
4:14 of 2nd period - Wrist shot by Brandon Pirri.
4:14 of 2nd period - Stopped by Jake Allen without a rebound.
4:15 of 2nd period - Peter Holland wins face-off versus Christian Dvorak in Bears zone.
4:16 of 2nd period - Slapshot by Scott Wilson.
4:16 of 2nd period - Stopped by Jake Allen without a rebound.
4:17 of 2nd period - Peter Holland wins face-off versus Christian Dvorak in Bears zone.
4:18 of 2nd period - Wrist shot by Sergey Tolchinsky.
4:18 of 2nd period - Stopped by Jake Allen without a rebound.
4:19 of 2nd period - Peter Holland wins face-off versus Christian Dvorak in Bears zone.
4:22 of 2nd period - Wrist shot by Scott Wilson.
4:22 of 2nd period - Stopped by Jake Allen without a rebound.
4:23 of 2nd period - Peter Holland wins face-off versus Christian Dvorak in Bears zone.
4:58 of 2nd period - Backhand shot by Jakob Lilja.
4:58 of 2nd period - Stopped by Jake Allen without a rebound.
4:59 of 2nd period - Sam Carrick wins face-off versus Dominic Turgeon in Bears zone.
5:04 of 2nd period - Snap shot by Nicolas Aube-Kubel.
5:04 of 2nd period - Stopped by Jamie Phillips with a rebound.
5:16 of 2nd period - Wrist shot by Adam Gaudette.
5:16 of 2nd period - Stopped by Jake Allen with a rebound.
5:33 of 2nd period - Snap shot by Austin Wuthrich.
5:33 of 2nd period - Stopped by Jamie Phillips without a rebound.
5:34 of 2nd period - Peter Holland wins face-off versus Christian Dvorak in Rocket zone.
5:41 of 2nd period - Snap shot by Scott Wilson.
5:41 of 2nd period - Stopped by Jake Allen with a rebound.
5:43 of 2nd period - Slapshot by Andrey Pedan.
5:43 of 2nd period - Stopped by Jake Allen without a rebound.
5:44 of 2nd period - Christian Dvorak wins face-off versus Peter Holland in Bears zone.
6:12 of 2nd period - Snap shot by Sergey Tolchinsky.
6:12 of 2nd period - Shot Misses the Net.
6:14 of 2nd period - Snap shot by Sergey Tolchinsky.
6:14 of 2nd period - Shot Misses the Net.
6:16 of 2nd period - Slapshot by Andrei Mironov.
6:16 of 2nd period - Shot Blocked by Tommy Vannelli.
6:18 of 2nd period - Snap shot by Sergey Tolchinsky.
6:18 of 2nd period - Stopped by Jake Allen with a rebound.
6:20 of 2nd period - Snap shot by Peter Holland.
6:20 of 2nd period - Deflect By Sergey Tolchinsky.
6:20 of 2nd period - Shot Misses the Net.
6:20 of 2nd period - Puck is out of play.
6:21 of 2nd period - Dominic Turgeon wins face-off versus Sam Carrick in Bears zone.
6:36 of 2nd period - Wrist shot by Kerby Rychel.
6:36 of 2nd period - Shot Misses the Net.
7:11 of 2nd period - Snap shot by Luke Kunin.
7:11 of 2nd period - Shot Misses the Net.
7:13 of 2nd period - Slapshot by Dean Kukan.
7:13 of 2nd period - Shot Misses the Net.
7:15 of 2nd period - Snap shot by Luke Kunin.
7:15 of 2nd period - Stopped by Jake Allen without a rebound.
7:16 of 2nd period - Dominic Turgeon wins face-off versus Sam Carrick in Bears zone.
7:21 of 2nd period - Slapshot by Adam Gaudette.
7:21 of 2nd period - Shot Misses the Net.
7:23 of 2nd period - Slapshot by Adam Gaudette.
7:23 of 2nd period - Shot Misses the Net.
7:27 of 2nd period - Slapshot by Brandon Pirri.
7:27 of 2nd period - Goal by Brandon Pirri - Bears : 0 - Rocket : 3.
7:28 of 2nd period - Sam Carrick wins face-off versus Dominic Turgeon in neutral zone.
7:38 of 2nd period - Minor Penalty to Brandon Pirri for Roughing.
7:39 of 2nd period - Dominic Turgeon wins face-off versus Sam Carrick in Rocket zone.
9:38 of 2nd period - Penalty to Brandon Pirri is over, Brandon Pirri is back on ice.
9:38 of 2nd period - Jakob Lilja is hit by Austin Wuthrich and loses puck.
12:03 of 2nd period - Snap shot by Nicolas Aube-Kubel.
12:03 of 2nd period - Goal by Nicolas Aube-Kubel - Bears : 1 - Rocket : 3.
12:04 of 2nd period - Brandon Pirri wins face-off versus Sam Carrick in neutral zone.
12:43 of 2nd period - Icing by Christian Dvorak.
12:44 of 2nd period - Dominic Turgeon wins face-off versus Christian Dvorak in Bears zone.
12:51 of 2nd period - Wrist shot by Adam Gaudette.
12:51 of 2nd period - Deflect By Brandon Pirri.
12:51 of 2nd period - Shot Misses the Net.
12:51 of 2nd period - Puck is out of play.
12:52 of 2nd period - Dominic Turgeon wins face-off versus Sam Carrick in Bears zone.
13:02 of 2nd period - Off-side.
13:03 of 2nd period - Sam Carrick wins face-off versus Dominic Turgeon in neutral zone.
13:06 of 2nd period - Backhand shot by Gianluca Curcuruto.
13:06 of 2nd period - Stopped by Jamie Phillips with a rebound.
13:08 of 2nd period - Wrist shot by Nicolas Aube-Kubel.
13:08 of 2nd period - Stopped by Jamie Phillips without a rebound.
13:09 of 2nd period - Sam Carrick wins face-off versus Dominic Turgeon in Rocket zone.
13:10 of 2nd period - Wrist shot by Kerby Rychel.
13:10 of 2nd period - Shot Misses the Net.
13:12 of 2nd period - Slapshot by Gianluca Curcuruto.
13:12 of 2nd period - Shot Misses the Net.
13:14 of 2nd period - Wrist shot by Kerby Rychel.
13:14 of 2nd period - Stopped by Jamie Phillips with a rebound.
13:23 of 2nd period - Wrist shot by Kerby Rychel.
13:23 of 2nd period - Shot Blocked by Viktor Loov.
13:25 of 2nd period - Wrist shot by Sam Carrick.
13:25 of 2nd period - Shot Misses the Net.
13:31 of 2nd period - Minor Penalty to Brandon Pirri for Cross-checking.
13:32 of 2nd period - Nicolas Aube-Kubel wins face-off versus Dominic Turgeon in Rocket zone.
14:19 of 2nd period - Sergey Tolchinsky is hit by Vincent Dunn and loses puck.
14:31 of 2nd period - Off-side.
14:32 of 2nd period - Dominic Turgeon wins face-off versus Sam Carrick in neutral zone.
15:31 of 2nd period - Penalty to Brandon Pirri is over, Brandon Pirri is back on ice.
16:00 of 2nd period - Gianluca Curcuruto is hit by JC Lipon and loses puck.
16:23 of 2nd period - Michael Prapavessis is hit by Karson Kuhlman and loses puck.
16:32 of 2nd period - Snap shot by Logan O'Connor.
16:32 of 2nd period - Stopped by Jamie Phillips with a rebound.
16:44 of 2nd period - Wrist shot by Nikolay Prokhorkin.
16:44 of 2nd period - Shot Misses the Net.
16:46 of 2nd period - Slapshot by Michael Prapavessis.
16:46 of 2nd period - Shot Blocked by Jack Glover.
16:48 of 2nd period - Wrist shot by Adam Lowry.
16:48 of 2nd period - Stopped by Jamie Phillips without a rebound.
16:49 of 2nd period - Dominic Turgeon wins face-off versus Christian Dvorak in Rocket zone.
17:38 of 2nd period - Off-side.
17:39 of 2nd period - Sam Carrick wins face-off versus Luke Kunin in neutral zone.
18:04 of 2nd period - Brandon Pirri is hit by Christian Dvorak and loses puck.
18:33 of 2nd period - Slapshot by Peter Holland.
18:33 of 2nd period - Deflect By Sergey Tolchinsky.
18:33 of 2nd period - Shot Hit the Post.
18:33 of 2nd period - Puck is out of play.
18:34 of 2nd period - Peter Holland wins face-off versus Sam Carrick in Bears zone.
18:41 of 2nd period - Slapshot by Sergey Tolchinsky.
18:41 of 2nd period - Shot Misses the Net.
18:43 of 2nd period - Slapshot by Viktor Loov.
18:43 of 2nd period - Deflect By Scott Wilson.
18:43 of 2nd period - Goal by Scott Wilson - Bears : 1 - Rocket : 4.
18:44 of 2nd period - Dominic Turgeon wins face-off versus Christian Dvorak in neutral zone.
18:56 of 2nd period - Dominic Turgeon is hit by A.J. Jenks and loses puck.
19:19 of 2nd period - Minor Penalty to Scott Wilson for Hooking.
19:20 of 2nd period - Sam Carrick wins face-off versus Dominic Turgeon in Rocket zone.
19:22 of 2nd period - Backhand shot by Sam Carrick.
19:22 of 2nd period - Stopped by Jamie Phillips with a rebound.
19:24 of 2nd period - Wrist shot by Kerby Rychel.
19:24 of 2nd period - Stopped by Jamie Phillips without a rebound.
19:25 of 2nd period - Dominic Turgeon wins face-off versus Sam Carrick in Rocket zone.
Goals for this period are 1 for Bears vs 2 for Rocket.
Shots for this period are 11 for Bears vs 17 for Rocket.
3rd period
0:01 of 3rd period - Dominic Turgeon wins face-off versus Sam Carrick in neutral zone.
0:14 of 3rd period - Viktor Loov is hit by Kerby Rychel and loses puck.
0:25 of 3rd period - A.J. Jenks is hit by Viktor Loov.
0:26 of 3rd period - Icing by A.J. Jenks.
0:27 of 3rd period - Peter Holland wins face-off versus Vincent Dunn in Bears zone.
1:19 of 3rd period - Penalty to Scott Wilson is over, Scott Wilson is back on ice.
1:31 of 3rd period - Slapshot by Dean Kukan.
1:31 of 3rd period - Stopped by Jake Allen with a rebound.
2:01 of 3rd period - Snap shot by Cole Smith.
2:01 of 3rd period - Shot Misses the Net.
2:13 of 3rd period - A.J. Jenks is hit by Peter Holland and loses puck.
2:20 of 3rd period - Backhand shot by Scott Wilson.
2:20 of 3rd period - Stopped by Jake Allen with a rebound.
3:01 of 3rd period - Wrist shot by Nikolay Prokhorkin.
3:01 of 3rd period - Shot Blocked by JC Lipon.
3:15 of 3rd period - Wrist shot by Branden Troock.
3:15 of 3rd period - Stopped by Jake Allen without a rebound.
3:16 of 3rd period - Vincent Dunn wins face-off versus Dominic Turgeon in Bears zone.
3:31 of 3rd period - Jacob Bryson is hit by Brandon Pirri and loses puck.
4:07 of 3rd period - Wrist shot by Raphael Bussieres.
4:07 of 3rd period - Stopped by Jake Allen without a rebound.
4:08 of 3rd period - Christian Dvorak wins face-off versus Luke Kunin in Bears zone.
5:50 of 3rd period - Joshua Leivo is hit by Jack Glover and loses puck.
5:57 of 3rd period - Luke Kunin is hit by Christian Dvorak and loses puck.
6:08 of 3rd period - Sam Carrick is hit by Dominic Turgeon and loses puck.
6:15 of 3rd period - Snap shot by Dominic Turgeon.
6:15 of 3rd period - Deflect By Adam Gaudette.
6:15 of 3rd period - Stopped by Jake Allen with a rebound.
6:17 of 3rd period - Snap shot by Dominic Turgeon.
6:17 of 3rd period - Shot Blocked by Nicolas Aube-Kubel.
6:49 of 3rd period - Nikolay Prokhorkin is hit by JC Lipon.
7:09 of 3rd period - Dominic Turgeon is hit by Christian Dvorak and loses puck.
7:14 of 3rd period - Wrist shot by A.J. Jenks.
7:14 of 3rd period - Shot Misses the Net.
7:16 of 3rd period - Snap shot by A.J. Jenks.
7:16 of 3rd period - Stopped by Jamie Phillips with a rebound.
7:18 of 3rd period - Slapshot by Gianluca Curcuruto.
7:18 of 3rd period - Stopped by Jamie Phillips without a rebound.
7:19 of 3rd period - Peter Holland wins face-off versus Sam Carrick in Rocket zone.
7:39 of 3rd period - Sam Carrick is hit by Peter Holland and loses puck.
8:16 of 3rd period - Slapshot by Viktor Loov.
8:16 of 3rd period - Shot Misses the Net.
8:22 of 3rd period - Snap shot by Emil Johansson.
8:22 of 3rd period - Stopped by Jamie Phillips without a rebound.
8:23 of 3rd period - Christian Dvorak wins face-off versus Dominic Turgeon in Rocket zone.
8:26 of 3rd period - Slapshot by Joshua Leivo.
8:26 of 3rd period - Stopped by Jamie Phillips with a rebound.
8:39 of 3rd period - Minor Penalty to Joshua Leivo for Holding.
8:40 of 3rd period - Sam Carrick wins face-off versus Dominic Turgeon in Bears zone.
9:06 of 3rd period - Kerby Rychel is hit by Peter Holland and loses puck.
9:13 of 3rd period - Wrist shot by Sergey Tolchinsky.
9:13 of 3rd period - Goal by Sergey Tolchinsky - Bears : 1 - Rocket : 5.
9:14 of 3rd period - Christian Dvorak wins face-off versus Dominic Turgeon in neutral zone.
9:27 of 3rd period - Snap shot by A.J. Jenks.
9:27 of 3rd period - Shot Misses the Net.
9:44 of 3rd period - Kerby Rychel is hit by Peter Holland and loses puck.
10:15 of 3rd period - Andrey Pedan is hit by Austin Wuthrich and loses puck.
10:56 of 3rd period - Wrist shot by Branden Troock.
10:56 of 3rd period - Stopped by Jake Allen without a rebound.
10:57 of 3rd period - Sam Carrick wins face-off versus Luke Kunin in Bears zone.
11:04 of 3rd period - Slapshot by Nicolas Aube-Kubel.
11:04 of 3rd period - Shot Misses the Net.
11:06 of 3rd period - Wrist shot by Nicolas Aube-Kubel.
11:06 of 3rd period - Goal by Nicolas Aube-Kubel - Bears : 2 - Rocket : 5.
11:07 of 3rd period - Sam Carrick wins face-off versus Dominic Turgeon in neutral zone.
11:16 of 3rd period - Snap shot by Sam Carrick.
11:16 of 3rd period - Stopped by Jamie Phillips without a rebound.
11:17 of 3rd period - Dominic Turgeon wins face-off versus Sam Carrick in Rocket zone.
11:30 of 3rd period - Wrist shot by Adam Gaudette.
11:30 of 3rd period - Stopped by Jake Allen with a rebound.
11:46 of 3rd period - Dean Kukan is hit by Nicolas Aube-Kubel and loses puck.
12:01 of 3rd period - Snap shot by Sam Carrick.
12:01 of 3rd period - Shot Misses the Net.
12:03 of 3rd period - Slapshot by Mikko Vainonen.
12:03 of 3rd period - Shot Blocked by Brandon Pirri.
12:05 of 3rd period - Slapshot by Nicolas Aube-Kubel.
12:05 of 3rd period - Stopped by Jamie Phillips with a rebound.
12:07 of 3rd period - Snap shot by Kerby Rychel.
12:07 of 3rd period - Shot Misses the Net.
12:09 of 3rd period - Wrist shot by Kerby Rychel.
12:09 of 3rd period - Shot Blocked by Adam Gaudette.
12:11 of 3rd period - Snap shot by Nicolas Aube-Kubel.
12:11 of 3rd period - Stopped by Jamie Phillips without a rebound.
12:12 of 3rd period - Christian Dvorak wins face-off versus Peter Holland in Rocket zone.
12:42 of 3rd period - Off-side.
12:43 of 3rd period - Karson Kuhlman wins face-off versus Christian Dvorak in neutral zone.
14:09 of 3rd period - Minor Penalty to Luke Kunin for Boarding.
14:10 of 3rd period - Dominic Turgeon wins face-off versus Sam Carrick in Rocket zone.
16:09 of 3rd period - Penalty to Luke Kunin is over, Luke Kunin is back on ice.
16:24 of 3rd period - Wrist shot by Luke Kunin.
16:24 of 3rd period - Shot Blocked by Mikko Vainonen.
17:00 of 3rd period - Wrist shot by Logan O'Connor.
17:00 of 3rd period - Shot Misses the Net.
17:13 of 3rd period - Minor Penalty to Adam Lowry for Hooking.
17:14 of 3rd period - Peter Holland wins face-off versus Sam Carrick in Bears zone.
19:13 of 3rd period - Penalty to Adam Lowry is over, Adam Lowry is back on ice.
19:31 of 3rd period - Snap shot by Sam Carrick.
19:31 of 3rd period - Shot Blocked by Branden Troock.
19:33 of 3rd period - Slapshot by Mikko Vainonen.
19:33 of 3rd period - Deflect By Kerby Rychel.
19:33 of 3rd period - Shot Blocked by Luke Kunin.
19:33 of 3rd period - Puck is out of play.
19:34 of 3rd period - Luke Kunin wins face-off versus Vincent Dunn in Rocket zone.
Goals for this period are 1 for Bears vs 1 for Rocket.
Shots for this period are 8 for Bears vs 8 for Rocket.